AoeStats
← Iamak3186

Arabia

503408447Analyzed
1v1 RM · 1mo ago on Aug 31, 2026· 46m 50s· 2 players
Game mode
Random Map
Map size
Tiny (2 player)
Population
200
Speed
Normal
Resources
Standard
Victory
Conquest
Starting age
Dark Age
Ending age
Imperial Age
RankedLock teamsTeams togetherTeam positionsShared explorationLock speedFull tech treeHidden civsTurbo modeCheats
Victory
Defeat
🇮🇳 Mongols · India
1290
+18
🇦🇷 Lithuanians · Argentina
1323
-18
Iamak3186
5:33 Loom
7:50 Feudal Age
8:45 Double-Bit Axe
14:05 Horse Collar
19:26 Castle Age
17:50 Gold Mining
19:26 Bloodlines
19:33 Scale Barding Armor
26:59 Light Cavalry
28:59 Wheelbarrow
31:19 Fletching
31:28 Stone Mining
33:33 Thumb Ring
33:46 Hand Cart
33:17 Town Watch
34:51 Bodkin Arrow
38:21 Imperial Age
38:04 Ballistics
38:09 Heavy Plow
38:48 Chain Barding Armor
39:01 Husbandry
39:26 Bracer
40:15 Conscription
41:04 Chemistry
40:17 Forging
39:57 Heavy Cavalry Archer
41:45 Padded Archer Armor
43:10 Parthian Tactics
maxpower17
6:51 Loom
8:58 Feudal Age
10:09 Man-at-Arms
12:58 Double-Bit Axe
14:00 Fletching
23:34 Castle Age
22:34 Gold Mining
23:54 Horse Collar
24:26 Bow Saw
29:46 Sanctity
30:30 Fervor
32:15 Wheelbarrow
32:13 Bloodlines
33:59 Town Watch
34:25 Padded Archer Armor
33:49 Elite Skirmisher
35:18 Hand Cart
40:05 Imperial Age
38:08 Bodkin Arrow
38:30 Leather Archer Armor
38:36 Ballistics
38:49 Scale Barding Armor
39:15 Forging
41:28 Thumb Ring
41:49 Hill Forts
41:53 Town Patrol
43:30 Cavalier
44:42 Bracer
45:43 Chemistry
Connection lost

Rejoining the realm…

Still unreachable

The connection could not be restored.

Session expired

The server has moved on; the page needs a fresh start.